 Dungeon Crawl Stone Soup version 0.22.1-1-ga44c0e5 (webtiles) character file.

371 Lauz the Chopper (level 6, 0/84 HPs)
             Began as a Minotaur Berserker on Oct 14, 2018.
             Was a Priest of Trog.
             Slain by a gnoll
             ... wielding a +0 vampiric halberd
              (12 damage)
             ... on level 4 of the Dungeon.
             The game lasted 00:04:47 (3003 turns).

Lauz the Chopper (Minotaur Berserker)               Turns: 3003, Time: 00:04:49

Health: 0/84       AC:  2    Str: 29    XL:     6   Next: 42%
Magic:  5/5        EV: 12    Int:  4    God:    Trog [***...]
Gold:   127        SH:  0    Dex:  9    Spells: 5/5 levels left

rFire    . . .     SeeInvis .   a - +0 hand axe
rCold    . . .     Gourm    .   (no shield)
rNeg     . . .     Faith    .   b - +0 animal skin
rPois    .         Spirit   .   (helmet restricted)
rElec    .         Reflect  .   (no cloak)
rCorr    .         Harm     .   (no gloves)
MR       .....                  (no boots)
Stlth    ..........             (no amulet)
HPRegen  0.24/turn              r - ring of stealth
MPRegen  0.09/turn              (no ring)

@: berserking, very quick
A: retaliatory headbutt, horns 2
a: Berserk, Trog's Hand, Renounce Religion


You were on level 4 of the Dungeon.
You worshipped Trog.
Trog was most pleased with you.
You were very hungry.

You visited 1 branch of the dungeon, and saw 4 of its levels.

You collected 127 gold pieces.

Inventory:

Hand Weapons
 a - a +0 hand axe (weapon)
Armour
 b - a +0 animal skin (worn)
Jewellery
 q - an uncursed amulet of rage
 r - a ring of stealth (left hand)
Scrolls
 d - 4 scrolls of teleportation {unknown}
 f - 8 scrolls of identify
 g - a scroll of immolation {unknown}
 i - a scroll of amnesia {unknown}
 j - 2 scrolls of remove curse {unknown}
 k - a scroll of enchant weapon {unknown}
 l - a scroll of enchant armour {unknown}
Potions
 e - a potion of flight {unknown}
 h - a potion of brilliance {unknown}
 m - a potion of cancellation {unknown}
 n - a potion of heal wounds
 o - a potion of invisibility {unknown}
 p - a potion of haste
Comestibles
 c - 7 rations


   Skills:
 + Level 5.1 Fighting
 * Level 7.8 Axes
 + Level 2.8 Armour
 - Level 2.2 Dodging
 + Level 0.4 Stealth


You had 5 spell levels left.
You didn't know any spells.
Your spell library was empty.

Dungeon Overview and Level Annotations

Branches:
Dungeon (4/15)
 Temple: D:4-7

Altars:


Innate Abilities, Weirdness & Mutations

You reflexively headbutt those who attack you in melee.
You have a pair of horns on your head.


Message History

The gnoll hits you from afar with a spear.
You slash the gnoll! Your headbutt misses the gnoll.
The gnoll is severely wounded.
The gnoll hits you with a vampiric halberd.
You hit the gnoll.
The gnoll is almost dead.
The gnoll closely misses you.
You barely miss the gnoll. Your headbutt misses the gnoll.
The gnoll is almost dead.
The gnoll hits you from afar with a spear!
The gnoll hits you with a vampiric halberd!
* * * LOW HITPOINT WARNING * * *
You are too injured to fight recklessly!
A red film seems to cover your vision as you go berserk!
You feel yourself moving faster!
You feel mighty!
You are feeling very hungry.
The gnoll hits you from afar with a spear.
* * * LOW HITPOINT WARNING * * *
The gnoll hits you with a vampiric halberd!
You die...

#.......#.#### #.##
#.#.......# ##.#
####..#.# #..#
..######.#..####.####
.........##.##......##
#######...#..........####
##....#.........#..
######.................#
#......@...........†....
..#####g....[.........##
#g###..........### #g#
#............. #.#
##............ #.#
#.......:..## #.#
..........# #.#
........## ......# #


You could see 3 gnolls.

Vanquished Creatures
  A scorpion (D:3)
  A centaur zombie (D:4)
  A bullfrog skeleton (D:4)
  Jessica (D:2)
  Natasha (thrice) (D:3)
  A worker ant (D:4)
  Robin (D:2)
  3 adders
  2 oozes
  A worm (D:2)
  2 dart slugs
  5 leopard geckos
  A ball python (D:1)
  11 bats
  A giant cockroach (D:3)
  14 goblins
  7 hobgoblins
  9 jackals
  6 frilled lizards
  3 kobolds (D:1)
  8 rats
82 creatures vanquished.

Notes
Turn   | Place    | Note
-------+----------+-------------------------------------------
     0 | D:1      | Lauz the Minotaur Berserker began the quest for the Orb.
     0 | D:1      | Reached XP level 1. HP: 19/19 MP: 0/0
    82 | D:1      | Reached skill level 4 in Axes
    87 | D:1      | Reached XP level 2. HP: 10/27 MP: 1/1
   949 | D:1      | Reached ** piety under Trog
   949 | D:1      | Reached XP level 3. HP: 32/33 MP: 2/2
  1214 | D:2      | Reached skill level 5 in Axes
  1412 | D:2      | Noticed Jessica
  1418 | D:2      | Killed Jessica
  1418 | D:2      | Reached XP level 4. HP: 31/41 MP: 3/3
  1516 | D:2      | Noticed Robin
  1528 | D:2      | Killed Robin
  1836 | D:3      | Noticed Natasha
  1844 | D:3      | Killed Natasha
  1844 | D:3      | Reached skill level 6 in Axes
  1845 | D:3      | Reached *** piety under Trog
  1845 | D:3      | Reached XP level 5. HP: 25/47 MP: 4/4
  2199 | D:3      | Noticed Natasha
  2208 | D:3      | Killed Natasha
  2411 | D:3      | Reached skill level 7 in Axes
  2459 | D:3      | Noticed Natasha
  2466 | D:3      | HP: 2/47 [white imp[Natasha] (3)]
  2469 | D:3      | Killed Natasha
  2771 | D:3      | Reached XP level 6. HP: 54/55 MP: 5/5
  2884 | D:4      | Reached skill level 5 in Fighting
  3003 | D:4      | Slain by a gnoll

Skill      XL: |  1  2  3  4  5  6 |
---------------+-------------------+-----
Axes           | 4 5 6 7 |  7.8
Fighting       | 4 5 |  5.1
Armour         | |  2.8
Dodging        | |  2.2
Stealth        | |  0.4

Action                   |  1- 3 |  4- 6 || total
-------------------------+-------+-------++-------
Melee: Hand axe          |    75 |    93 ||   168
       Headbutt          |     5 |    15 ||    20
Invok: Berserk           |       |     2 ||     2
  Use: Scroll            |       |     2 ||     2
 Stab: Sleeping          |       |     1 ||     1
  Eat: Chunk             |     2 |     2 ||     4
       Ration            |       |     1 ||     1
Armor: Animal skin       |    14 |     9 ||    23
Dodge: Dodged            |    54 |    54 ||   108
